 Dungeon Crawl Stone Soup version 0.20.1-2-g1830e616b0 (webtiles) character file.

322 Alfie the Shooter (level 6, -2/51 HPs)
             Began as a Minotaur Hunter on Feb 5, 2020.
             Slain by Robin
             ... wielding a +4 mace of holy wrath
              (7 damage)
             ... on level 4 of the Dungeon.
             The game lasted 00:08:30 (2304 turns).

Alfie the Shooter (Minotaur Hunter)                 Turns: 2304, Time: 00:08:30

Health: -2/51      AC:  3    Str: 18    XL:     6   Next: 22%
Magic:  5/5        EV: 12    Int:  8    God:
Gold:   192        SH:  0    Dex: 11    Spells: 5/5 levels left

rFire    . . .     SeeInvis .   b - +0 short sword
rCold    . . .     Gourm    .   (no shield)
rNeg     . . .     Faith    .   c - +0 leather armour
rPois    .         Spirit   .   (helmet restricted)
rElec    .         Reflect  .   (no cloak)
rCorr    .         Harm     .   (no gloves)
MR       .....                  (no boots)
Stlth    +.........             (no amulet)
Regen    0.2/turn               (no ring)
MPRegen  0.1/turn               (no ring)

@: no status effects
A: retaliatory headbutt, horns 2
a: no special abilities


You were on level 4 of the Dungeon.
You were not hungry.

You visited 1 branch of the dungeon, and saw 4 of its levels.

You collected 192 gold pieces.

Inventory:

Hand Weapons
 a - a +1 shortbow
 b - a +0 short sword (weapon)
Missiles
 d - 43 arrows
 t - 7 tomahawks (quivered)
 u - 16 poisoned needles
Armour
 c - a +0 leather armour (worn)
 i - a +0 pair of boots
Jewellery
 h - an uncursed ring of protection from cold {unknown}
 m - an uncursed ring of magical power
 n - an uncursed amulet of magic regeneration
Scrolls
 k - a scroll of amnesia
 l - 2 scrolls of teleportation
 o - a scroll of recharging
 r - a scroll of identify
Potions
 j - a potion of ambrosia {unknown}
 p - 2 potions of haste {unknown}
 q - a potion of berserk rage {unknown}
 s - a potion of might {unknown}
 v - 2 potions of resistance {unknown}
 x - a potion of curing
Comestibles
 f - 4 bread rations
 g - 3 meat rations
 z - 3 fruits


   Skills:
 + Level 3.4 Fighting
 + Level 0.4 Short Blades
 + Level 7.2 Bows
 + Level 0.6 Throwing
 + Level 2.5 Armour
 + Level 2.4 Dodging
 + Level 0.8 Stealth


You had 5 spell levels left.
You didn't know any spells.

Dungeon Overview and Level Annotations

Branches:
Dungeon (4/15)
 Temple: D:4-7

Altars:
Cheibriados
Nemelex Xobeh
Qazlal
Ru
Yredelemnul

Annotations:
D:4 Robin


Innate Abilities, Weirdness & Mutations

You reflexively headbutt those who attack you in melee.
You have a pair of horns on your head.


Message History

Robin is moderately wounded.
You hit Robin but do no damage.
Robin is moderately wounded.
Robin hits you with a mace of holy wrath.
* * * LOW HITPOINT WARNING * * *
You closely miss Robin.
Robin is moderately wounded.
Robin closely misses you. You furiously retaliate!
You headbutt Robin. You hit Robin.
Robin is heavily wounded.
The hobgoblin no longer looks unusually strong.
Robin closely misses you.
You hit Robin.
Robin is almost dead.
Robin hits you with a mace of holy wrath!
* * * LOW HITPOINT WARNING * * *
You miss Robin.
Robin is almost dead.
Robin hits you with a mace of holy wrath!
You die...

**......)g#
*,*,,,,,***,****** *#8###8#g#
*,*,,,,,,,,,*
**#######g###,,,,***,****
*,........).#***,#**,*****
*,.$......g.####.#,,,*,,,*
**.....[..g......#,*,,,,,*
*...............#,+,,,,,*****
*.(.......g####..,*,,,,,,,,*,
*.........gg@.#,*,*,,,,***,*,
*..############**,*,,,,***,*,
*..* *∩,,,,,,,,,#. *,,* *****
*******,,,,.. *,,* *,,,*
*,,,,,,,,.. *,,* *,,,*
*,***,**### *,,* *,,,*
*,*,,,* *.. **** **+**
*,*,*** *,# **,* ###*### ####


You could see Robin and 2 hobgoblins.

Vanquished Creatures
  The ghost of Alfie the Shooter, an amateur HuHu (D:3)
  A hound (D:4)
  2 adders
  An ooze (D:3)
  2 worms (D:2)
  A dart slug (D:2)
  2 leopard geckos
  An orc (D:3)
  3 giant cockroaches
  8 hobgoblins
  A quokka (D:2)
  2 ball pythons
  5 bats
  A frilled lizard (D:2)
  16 goblins
  8 kobolds
  A quokka skeleton (D:4)
  13 rats
69 creatures vanquished.

Notes
Turn   | Place    | Note
-------+----------+-------------------------------------------
     0 | D:1      | Alfie the Minotaur Hunter began the quest for the Orb.
     0 | D:1      | Reached XP level 1. HP: 18/18 MP: 0/0
   131 | D:1      | Reached XP level 2. HP: 25/25 MP: 1/1
   205 | D:1      | Reached skill level 5 in Bows
   767 | D:1      | Reached XP level 3. HP: 30/30 MP: 2/2
  1031 | D:2      | Found a basalt altar of Yredelemnul.
  1047 | D:2      | Found a sparkling altar of Nemelex Xobeh.
  1100 | D:2      | Found a sparkling altar of Nemelex Xobeh.
  1339 | D:2      | Reached skill level 1 in Armour
  1682 | D:3      | Reached XP level 4. HP: 35/37 MP: 3/3
  1688 | D:3      | Noticed Alfie's ghost (amateur HuHu)
  1700 | D:3      | Killed Alfie's ghost
  1700 | D:3      | Reached skill level 7 in Bows
  1700 | D:3      | Reached XP level 5. HP: 35/45 MP: 4/4
  1711 | D:3      | Reached XP level 6. HP: 22/51 MP: 5/5
  1744 | D:3      | Found a stormy altar of Qazlal.
  1861 | D:3      | Found a snail-covered altar of Cheibriados.
  1868 | D:3      | Found a sacrificial altar of Ru.
  2266 | D:4      | Noticed Robin
  2304 | D:4      | Slain by Robin

Skill      XL: |  1  2  3  4 |
---------------+-------------+-----
Bows           | 5 7 |  7.2
Armour         | 1 2 |  2.5
Fighting       | 3 |  3.4
Short Blades   | |  0.4
Throwing       | |  0.6
Dodging        | |  2.4
Stealth        | |  0.8

Action                   |  1- 3 |  4- 6 || total
-------------------------+-------+-------++-------
Melee: Short sword       |    16 |    35 ||    51
       Headbutt          |     1 |     5 ||     6
 Fire: Shortbow          |   126 |    17 ||   143
Throw: Tomahawk          |       |    13 ||    13
  Use: Scroll            |     6 |     4 ||    10
       Potion            |     2 |     1 ||     3
  Eat: Bread ration      |     1 |       ||     1
       Fruit             |     1 |       ||     1
Armor: Leather armour    |     8 |    12 ||    20
Dodge: Dodged            |    27 |    37 ||    64
